AoeStats
← |GaoeG| flamingo

Arena

507576840Analyzed
2v2 RM · 14d ago on Sep 18, 2026· 33m 40s· 4 players
Game mode
Random Map
Map size
Medium (4 player)
Population
200
Speed
Normal
Resources
Standard
Victory
Conquest
Starting age
Dark Age
Ending age
Imperial Age
RankedLock teamsTeams togetherTeam positionsShared explorationLock speedFull tech treeHidden civsTurbo modeCheats
Victory
Defeat
🇪🇸 Bohemians · Spain
1373
+14
🇪🇸 Khmer · Spain
1295
+17
🇩🇪 Ethiopians · Germany
1348
-17
🇩🇪 Shu · Germany
1288
-14
CaptainMorgan
10:49 Feudal Age
14:40 Castle Age
12:35 Double-Bit Axe
12:53 Horse Collar
15:53 Bow Saw
15:44 Heavy Plow
19:50 Fletching
21:32 Crossbowman
24:02 Ballistics
24:01 Town Watch
25:57 Wheelbarrow
25:59 Gold Mining
26:26 Bodkin Arrow
26:31 Padded Archer Armor
27:45 Hand Cart
27:15 Loom
30:33 Thumb Ring
31:59 Elite Skirmisher
33:27 Masonry
33:35 Leather Archer Armor
SilasU
12:05 Feudal Age
16:07 Castle Age
15:07 Horse Collar
15:13 Double-Bit Axe
17:21 Loom
21:27 Imperial Age
20:46 Bow Saw
20:33 Gold Mining
31:51 Forging
31:41 Scale Mail Armor
32:26 Pikeman
33:17 Scale Mail Armor
33:10 Halberdier
JITANOmaleant7
10:47 Feudal Age
11:50 Loom
15:36 Castle Age
13:47 Double-Bit Axe
15:19 Horse Collar
16:20 Wheelbarrow
17:15 Bow Saw
22:52 Heavy Plow
28:36 Imperial Age
26:38 Fletching
26:50 Padded Archer Armor
29:08 Bodkin Arrow
29:29 Leather Archer Armor
30:33 Chemistry
30:00 Bracer
29:48 Treadmill Crane
30:29 Ballistics
30:40 Houfnice
32:09 Elite Skirmisher
33:16 Siege Engineers
34:01 Ring Archer Armor
|GaoeG| flamingo
10:36 Feudal Age
13:43 Castle Age
12:59 Double-Bit Axe
13:09 Horse Collar
15:34 Bow Saw
17:17 Heavy Plow
23:20 Wheelbarrow
22:41 Loom
22:46 Town Watch
24:58 Gold Mining
25:25 Scale Barding Armor
25:32 Forging
25:46 Bloodlines
25:43 Husbandry
25:08 Light Cavalry
27:23 Chain Barding Armor
36:08 Imperial Age
33:54 Hand Cart
34:18 Iron Casting
Connection lost

Rejoining the realm…

Still unreachable

The connection could not be restored.

Session expired

The server has moved on; the page needs a fresh start.